[Event "*** Titled Tuesday Blitz"]
[Site "Chess.com"]
[Date "2020.05.19"]
[Round "3"]
[White "GOGIEFF"]
[Black "Witik"]
[Result "0-1"]
[WhiteElo "2911"]
[BlackElo "2652"]
[TimeControl "180+1"]
[EndTime "12:30:23 PDT"]
[Termination "Witik won by resignation"]

1. d4 Nf6 2. c4 d6 3. Nc3 g6 4. e4 Bg7 5. f3 O-O 6. Nge2 e5 7. d5 c6 8. Be3 cxd5 9. cxd5 a6 10. g4 h5 11. g5 Nh7 12. Qd2 f6 13. gxf6 Qxf6 14. Bg2 Qh4+ 15. Bf2 Qg5 16. Rg1 Qxd2+ 17. Kxd2 Bh6+ 18. Be3 Bxe3+ 19. Kxe3 Kg7 20. Rac1 Nd7 21.
Bh3 Nb6 22. Bxc8 Raxc8 23. b3 Rf7 24. Na4 Rxc1 25. Rxc1 Nxa4 26. bxa4 Ng5 27. f4 exf4+ 28. Nxf4 Re7 29. Rc4 h4 30. a5 Kf6 31. a4 Re8 32. Rb4 Re7 33. Ng2 h3 34. Nf4 Kg7 35. Ne2 Rf7 36. Nd4 Kh6 37. Ne6 Nxe6 38. dxe6 Re7 39.
Kd4 Rxe6 40. Rb3 Kg5 41. Rxh3 Re5 42. Rg3+ Kf6 43. Rb3 Rxa5 44. Rxb7 Ke6 45. Rb4 Rh5 46. Rb6 Ra5 47. Rb4 Rh5 48. Rb2 Ra5 49. Ra2 Rh5 50. Rg2 Kf6 51. Rf2+ Ke6 52. Ra2 Ra5 53. Ke3 Ke5 54.
Kf3 Rc5 55. Ra3 Rc4 56. Kg4 Rxe4+ 57. Kg5 Re2 58. h4 Rg2+ 59. Kh6 d5 60. Rb3 d4 61. Rb6 d3 62. Rb8 d2 63. Rd8 Ke4 64. a5 Ke3 65. Re8+ Kf2 66. Rd8 Ke1 67. Re8+ Re2 68. Rd8 d1=Q 69.
Rxd1+ Kxd1 70. Kxg6 Re5 71. h5 Rxa5 72. h6 Ra2 0-1

[Event "*** Titled Tuesday Blitz"]
[Site "Chess.com"]
[Date "2020.05.19"]
[Round "3"]
[White "Reader777"]
[Black "ketster"]
[Result "1-0"]
[WhiteElo "2608"]
[BlackElo "2365"]
[TimeControl "180+1"]
[EndTime "12:30:23 PDT"]
[Termination "Reader777 won by checkmate"]

1. d4 Nf6 2. c4 e6 3. g3 Bb4+ 4. Nd2 d5 5. Bg2 O-O 6. Nf3 dxc4 7. O-O b5 8. a4 c6 9. Ne5 Nd5 10. Qc2 f6 11. Nef3 Bb7 12. e4 Ne7 13. b3 cxb3 14. Nxb3 Nd7 15. Be3 Nb6 16. Nfd2 Nxa4 17. Rfc1 a5 18. Nc5 Nxc5 19. dxc5 e5 20. Rd1 Qe8 21.
Bh3 Bc8 22. Bxc8 Qxc8 23. Qb3+ Kh8 24. Nf3 Qg4 25. Nd2 Bxd2 26. Bxd2 Qxe4 27. Qe6 Ng6 28. Bxa5 Rae8 29. Qd7 Re7 30. Qd6 Rfe8 31. Bd8 Re6 32. Qd7 h5 33. Bc7 Nf8 34. Qd3 Qxd3 35. Rxd3 e4 36. Rd6 f5 37. Ra6 Kg8 38. Raxc6 Kf7 39. Rb6 Rxd6 40. cxd6 Nd7 41. Rxb5 g6 42. h4 Re5 43. Rb7 Ke6 44. Ra7 Rb5 45. Ra8 Kf7 46. Rd8 Nf6 47. Ra8 Rb1+ 48. Kg2 Rd1 49. Ra7 Ke6 50.
Ra5 Ne8 51. Ra8 Nxd6 52. Rg8 Rc1 53. Rxg6+ Kf7 54. Rxd6 Rxc7 55. Rh6 Rc5 56. Rxh5 Kg6 57. Rg5+ Kf6 58. g4 Rc2 59. Rxf5+ Kg6 60. Kg3 Rc3+ 61. Kf4 Rh3 62. h5+ Kh6 63. Kxe4 Rh4 64. f3 Rh3 65. Rf6+ Kg5 66. Rg6+ Kh4 67. h6 Rg3 68. h7 Rh3 69. h8=Q+ Kg3 70. Qe5+ Kg2 71. Ra6 Rxf3 72. Ra2+ Rf2 73.
Rxf2+ Kxf2 74. g5 Ke2 75. g6 Kd2 76. g7 Kc2 77. g8=Q Kb1 78. Qb3+ Kc1 79. Qec3# 1-0

[Event "*** Titled Tuesday Blitz"]
[Site "Chess.com"]
[Date "2020.05.19"]
[Round "3"]
[White "jeetjain"]
[Black "Azatic"]
[Result "0-1"]
[WhiteElo "2356"]
[BlackElo "2606"]
[TimeControl "180+1"]
[EndTime "12:30:26 PDT"]
[Termination "Azatic won by resignation"]

1. e4 c5 2. Nf3 e6 3. d4 cxd4 4. Nxd4 a6 5. c4 Qc7 6. Nc3 Nf6 7. Qe2 d6 8. g3 b6 9. Bg2 Bb7 10. O-O Nbd7 11. Bd2 Rc8 12. b3 Be7 13. Rac1 O-O 14. f4 Rfe8 15. f5 e5 16. Nc2 Qb8 17. g4 h6 18. h4 Nh7 19. Qf2 b5 20. cxb5 axb5 21. Qg3 Rxc3 22. Bxc3 Qd8 23. g5 hxg5 24. h5 Nhf6 25.
Qh3 g4 26. Qh2 Nxe4 27. Be1 Bg5 28. Rd1 Qb6+ 29. Kh1 Ndf6 30. Nb4 Rc8 31. Bh4 Bxh4 32. Qxh4 g3 33. Nd3 Rc2 34. h6 Nf2+ 35. Nxf2 Rxf2 36.
Rxf2 Qxf2 37. Bxb7 g2+ 38. Bxg2 Qxh4+ 39. Kg1 gxh6 40.
Rxd6 Kg7 41. a4 Qe1+ 42. Kh2 bxa4 43. bxa4 Ng4+ 44. Kh3 Nf2+ 45. Kh2 Ne4 46. f6+ Kg6 47. Rd3 Ng5 48. Ra3 Qa5 49. Bf1 e4 50. Bb5 h5 51.
Kg3 Qc7+ 52. Kf2 Qf4+ 53. Ke2 Qg4+ 54. Kd2 Qg2+ 55. Kc3 e3 56. Bd3+ Kh6 57. a5 e2 58.
Bxe2 Qxe2 59. a6 Qe3+ 60. Kb2 Qb6+ 61. Ka2 Qa7 62. Ra5 Ne6 63. Kb3 Nc7 64. Kc4 Nxa6 65. Kb5 Qb7+ 66. Ka4 Qb6 67. Rb5 Qc6 68. Ka5 Qxb5+ 69.
Kxb5 Nc7+ 70. Kb6 Ne8 71. Kc6 Nxf6 72. Kd6 Kg5 73. Ke5 h4 0-1

[Event "*** Titled Tuesday Blitz"]
[Site "Chess.com"]
[Date "2020.05.19"]
[Round "3"]
[White "vanyakuba"]
[Black "Igor_Lysyj"]
[Result "0-1"]
[WhiteElo "2451"]
[BlackElo "2791"]
[TimeControl "180+1"]
[EndTime "12:30:27 PDT"]
[Termination "Igor_Lysyj won on time"]

1. e4 e5 2. Nf3 Nc6 3. Bb5 a6 4. Ba4 Nf6 5. d3 Bc5 6. c3 d6 7. Nbd2 O-O 8. Nf1 d5 9. Qe2 b5 10. Bb3 Be6 11. Ng3 Na5 12. Bc2 dxe4 13. Nxe4 Nxe4 14. dxe4 Bc4 15. Qd1 Qxd1+ 16. Bxd1 Nc6 17. Bc2 f6 18. Nd2 Bf7 19. Bb3 Rfd8 20. Bxf7+ Kxf7 21. Nb3 Bb6 22. Ke2 Ke6 23. Be3 a5 24. a4 bxa4 25. Rxa4 Rab8 26. Ra3 Ke7 27. Nc5 Bxc5 28. Bxc5+ Ke6 29. b3 Rd7 30. Rd1 Rxd1 31. Kxd1 h5 32.
Kc2 g6 33. Be3 f5 34. f3 f4 35. Bf2 g5 36. Ra1 g4 37. Rd1 Rg8 38. Rg1 Nd8 39.
Kd3 Nf7 40. Ke2 Rb8 41. Rb1 Nd6 42. Bc5 a4 43. Bxd6 Kxd6 44. b4 Ra8 45. Ra1 c5 46.
Kd3 cxb4 47. cxb4 Kc6 48. Kc4 Kb6 49. Ra3 Rc8+ 50. Kd5 Kb5 51. Kxe5 g3 52. hxg3 fxg3 53. Kf4 h4 54. Kg4 Kxb4 55. Ra1 Rh8 56. e5 h3 57. gxh3 Rg8+ 58. Kf5 g2 59. Rg1 a3 60. Kf6 a2 61.
Kf7 Rg3 62. f4 Kb3 63. f5 Kb2 64. e6 a1=Q 65. Rxa1 Kxa1 66. e7 g1=Q 67. e8=Q Rg7+ 68. Kf6 Qg5+ 69. Ke6 Qe3+ 70. Kf6 Qxe8 71. Kxg7 Qe7+ 72. Kg6 Qh4 0-1

[Event "*** Titled Tuesday Blitz"]
[Site "Chess.com"]
[Date "2020.05.19"]
[Round "3"]
[White "mshuaau0"]
[Black "THE_PLAYER6"]
[Result "0-1"]
[WhiteElo "2249"]
[BlackElo "2505"]
[TimeControl "180+1"]
[EndTime "12:30:29 PDT"]
[Termination "THE_PLAYER6 won by resignation"]

1. e4 c5 2. Nf3 d6 3. d4 cxd4 4. Nxd4 Nf6 5. Nc3 a6 6. Bg5 e6 7. f4 h6 8. Bh4 Qb6 9. Nb3 Qe3+ 10. Qe2 Qxf4 11. Bg3 Qg4 12. Qd3 Nc6 13. Be2 Qg6 14.
O-O-O e5 15. Bh4 Be6 16. Rhf1 Be7 17. Bxf6 gxf6 18. Nd5 Bxd5 19. Qxd5 Qxg2 20. Bc4 Rf8 21. Rd2 Qg5 22. Kb1 Qe3 23. Rg2 O-O-O 24. Rg3 Qb6 25. Rc3 Kb8 26. a3 Rc8 27. Rh3 Nd4 28. Nxd4 Qxd4 29.
Rb3 Qxd5 30. Bxd5 Rc7 31. Rh3 f5 32. Rxf5 Bg5 33. Rhf3 f6 34. Rb3 Rfc8 35. c4 Ka7 36. Rff3 h5 37. a4 h4 38. a5 Rb8 39. Rb6 Rd7 40.
Rfb3 Bf4 41. Be6 Re7 42. Bd5 Bxh2 43. Rxd6 Rh7 44. Rh3 Bg3 45. Rxf6 Rg7 46. Rf3 Rd8 47.
Rb3 Be1 48. Rbe3 Bf2 49. Ref3 Bg3 50. Kc2 Rdd7 51. Kd3 Be1 52. Rf5 Rg3+ 53. Rxg3 hxg3 54. Rg5 Bf2 55. Rg6 Re7 56. b4 Be1 57. b5 axb5 58.
cxb5 Bxa5 59. Rxg3 Bb6 60. Kc4 Bd4 61. Rg6 Rc7+ 62.
Kb3 Rh7 63. Rg3 Rc7 64. Rd3 Rg7 65. Bc4 Kb6 66. Bd5 Kc5 67. Bc4 b6 68. Rf3 Rg1 69. Bd3 Rc1 70. Rh3 Rc3+ 71. Kb2 Rxd3+ 72. Kc2 Rxh3 73.
Kd2 Rc3 74. Ke2 Rb3 75. Kd2 Rxb5 76. Ke2 Rb4 0-1

[Event "*** Titled Tuesday Blitz"]
[Site "Chess.com"]
[Date "2020.05.19"]
[Round "3"]
[White "FMalexhdez"]
[Black "Parkas"]
[Result "0-1"]
[WhiteElo "2050"]
[BlackElo "2302"]
[TimeControl "180+1"]
[EndTime "12:30:31 PDT"]
[Termination "Parkas won on time"]

1. e4 c5 2. Nf3 d6 3. d4 cxd4 4. Nxd4 Nf6 5. Nc3 a6 6. h3 g6 7.
g4 Bg7 8. Bg2 Nbd7 9. g5 Nh5 10.
O-O O-O 11. Nde2 b5 12. f4 Bb7 13. Nd5 e6 14. Ne3 Nc5 15. f5 exf5 16. exf5 Bxg2 17.
Nxg2 Be5 18. f6 Qd7 19. Rf3 Rfe8 20. Nef4 Nxf4 21. Bxf4 Bxb2 22. Rb1 Be5 23. Qd5 Qb7 24. Qxb7 Nxb7 25. Rd1 Rac8 26. Rf2 Nc5 27. h4 Ne6 28. Bxe5 dxe5 29. Ne3 Red8 30. Nd5 Kf8 31. Rfd2 Nd4 32. Ne7 Nf3+ 33. Kf2 Rxd2+ 34. Rxd2 Nxd2 35.
Nxc8 h6 36. Ke3 Nc4+ 37. Ke4 hxg5 38. hxg5 Ke8 39. Na7 Kd7 40. Kd5 Kc7 41. Nc6 Nb6+ 42. Kc5 Na4+ 43. Kd5 Nc3+ 44. Kc5 Ne4+ 45. Kd5 Nxg5 46. Nxe5 a5 47. c3 Kb7 48. Kc5 Ne4+ 49. Kxb5 Nxf6 50. Nxf7 Kc7 51. Kxa5 Kd7 52. c4 Ke6 53.
Nh6 g5 54. c5 Kd5 55. Kb5 Ne4 56. c6 Kd6 57. Kb6 Nf6 58. Kb7 Nd5 59. Ng4 Kc5 60.
a4 Kd6 61. a5 Nb4 62. a6 Nxc6 63. a7 Nxa7 64. Kxa7 Kd5 65. Kb6 Ke4 66. Kc5 Kf4 67. Nh6 Ke5 68. Kc4 Kf4 69. Kd3 Ke5 70. Ke2 Kf6 71.
Kf2 Ke5 72. Kf3 Kf6 73. Kg4 Kg6 74. Nf5 Kf6 75. Ne3 Kg6 76. Nf1 Kf6 77. Ng3 Ke6 0-1

[Event "*** Titled Tuesday Blitz"]
[Site "Chess.com"]
[Date "2020.05.19"]
[Round "3"]
[White "Andro2"]
[Black "dennisodessa"]
[Result "1-0"]
[WhiteElo "2416"]
[BlackElo "2215"]
[TimeControl "180+1"]
[EndTime "12:30:33 PDT"]
[Termination "Andro2 won by resignation"]

1. e4 e6 2. d4 d5 3. Nd2 Nf6 4. e5 Nfd7 5. Bd3 c5 6. c3 Nc6 7.
Ne2 cxd4 8. cxd4 f6 9. exf6 Qxf6 10. O-O Nxd4 11. Nxd4 Qxd4 12. Nf3 Qf6 13. Bg5 Qf7 14. Re1 Bd6 15. Bh4 h6 16. Bg3 Bxg3 17. hxg3 O-O 18. Rc1 e5 19. Rc7 e4 20. Rxe4 dxe4 21. Bc4 Qxc4 22.
Rxc4 exf3 23. gxf3 Nb6 24. Rc7 Be6 25. Rxb7 Bd5 26.
Rxb6 axb6 27. Qxd5+ Kh8 28. a3 Rad8 29. Qb7 Rf6 30. Kg2 Rd2 31. b4 Ra2 32. a4 Kh7 33. Qe4+ Kh8 34. f4 Rd6 35. Qe3 Rb2 36. Qe4 Rdd2 37.
Qf3 Rxb4 38. f5 Rbb2 39. Qa8+ Kh7 40. Qe4 Rxf2+ 41. Kh3 Rh2+ 42. Kg4 Rhe2 43. Qd3 Red2 44. Qe4 Re2 45. Qc4 Rec2 46. Qf7 Rb4+ 47. Kh3 Rc5 48.
Qg6+ Kh8 49. Qe8+ Kh7 50. Qg6+ Kh8 51. f6 Rg5 52. Qxg5 hxg5 53. f7 Rb1 54. f8=Q+ Kh7 55.
Qf5+ Kh6 56. Qxb1 g6 57. Kg4 Kg7 58. Qxb6 Kf7 59. Qd6 Ke8 60. Qxg6+ Ke7 61. Qxg5+ Kd6 62. Kf4 Kc6 63. Qe5 Kb6 64. Qd5 Kc7 65. Qe6 Kb7 66.
Ke5 1-0

[Event "*** Titled Tuesday Blitz"]
[Site "Chess.com"]
[Date "2020.05.19"]
[Round "3"]
[White "Jadeit90"]
[Black "Roza_Idrisova"]
[Result "0-1"]
[WhiteElo "2316"]
[BlackElo "2139"]
[TimeControl "180+1"]
[EndTime "12:30:39 PDT"]
[Termination "Roza_Idrisova won by resignation"]

1. g3 d5 2. Bg2 c6 3. c4 Nf6 4.
cxd5 cxd5 5. Nf3 Nc6 6. O-O Bf5 7. d4 e6 8. Nc3 Be7 9. Bf4 h6 10. Rc1 O-O 11. Ne5 Rc8 12. Qa4 a6 13. a3 Qb6 14.
b4 Qxd4 15. e3 Qb6 16. Nxc6 Rxc6 17. Ne2 Bd3 18. Qd1 Be4 19. Nd4 Rxc1 20. Qxc1 Bxg2 21. Kxg2 Bd6 22. Bxd6 Qxd6 23. Qc5 Rd8 24. Rc1 Ne4 25. Qc7 Qd7 26. Qb6 Rc8 27. Rxc8+ Qxc8 28. b5 axb5 29. Qxb5 Nd6 30. Qb4 Nc4 31. Qe7 b6 32. h4 Qf8 33.
Qc7 Qxa3 34. Nc6 Qf8 35. Qd7 g6 36. Ne7+ Kg7 37. h5 gxh5 38. Nc6 Kh7 39. Nd8 Ne5 40. Qc7 Qg7 41. Qxb6 Qf6 42. f4 Ng4 43. Nc6 h4 44. Qb1+ Kg7 45. Qd3 hxg3 46. Kxg3 h5 47. Nd4 Nh6 48.
Nf3 Nf5+ 49. Kf2 Qb2+ 50. Kg1 Qc1+ 51. Kf2 Qh1 52. Qc3+ Kg6 53. Ne5+ Kh7 54. Nxf7 Qh2+ 55. Ke1 Qg3+ 56. Ke2 Qg2+ 57. Ke1 Qg1+ 58. Ke2 Ng3+ 59. Kf3 Ne4 60. Ng5+ Nxg5+ 61. fxg5 Qg4+ 62. Kf2 Qxg5 63. Qc7+ Qg7 64. Qd6 Qf6+ 65. Ke2 Kg6 66. Qg3+ Qg5 67.
Qd6 Qg4+ 68. Ke1 h4 69. Qf8 h3 70. Qg8+ Kf5 71. Qh7+ Ke5 72. Qh8+ Ke4 73. Qd4+ Kf3 74. Qd1+ Kg3 75. Qd2 Qf3 76. Qd4 h2 77. Qg7+ Kh3 78. Qh6+ Kg2 79. Qg6+ Qg3+ 80. Qxg3+ 0-1

[Event "*** Titled Tuesday Blitz"]
[Site "Chess.com"]
[Date "2020.05.19"]
[Round "3"]
[White "penguingm1"]
[Black "Rodalquilar"]
[Result "1/2-1/2"]
[WhiteElo "2879"]
[BlackElo "2624"]
[TimeControl "180+1"]
[EndTime "12:30:46 PDT"]
[Termination "Game drawn - insufficient material"]

1. d4 Nf6 2. c4 e6 3. Nc3 Bb4 4.
Qc2 O-O 5. Nf3 d5 6. Bg5 h6 7.
Bxf6 Qxf6 8. a3 Bxc3+ 9. Qxc3 c6 10. h4 Re8 11. g4 Nd7 12. g5 hxg5 13. hxg5 Qe7 14.
g6 fxg6 15. e3 e5 16. cxd5 cxd5 17. Bb5 e4 18. Bxd7 Bxd7 19. Ne5 Bf5 20. Qb3 Qd6 21.
Qxb7 Rf8 22. Rc1 Rab8 23. Qc6 Qxc6 24. Nxc6 Rxb2 25. Ne7+ Kf7 26. Nxd5 g5 27. O-O Ke6 28. Nc7+ Kd6 29. Rc5 Bg4 30. Nb5+ Rxb5 31. Rxb5 Bf3 32. Rxg5 Rh8 33. Rg2 Bxg2 34. Kxg2 Rh5 35. Rc1 Ra5 36.
Rc3 Rg5+ 37. Kf1 Rb5 38. Rc4 Kd5 39. Rc7 Ra5 40. Rxg7 Rxa3 41. Rc7 a5 42. Rc5+ Ke6 43. Kg2 Kf6 44. Kg3 Ra2 45. Re5 a4 46. Ra5 a3 47.
Kf4 Rxf2+ 48. Kxe4 a2 49. Ra6+ Ke7 50. Ke5 Kd7 51.
e4 Rh2 52. d5 Rh5+ 53. Kd4 Rh2 54. Ra7+ Kc8 55. Kc5 Kb8 56. Ra3 Re2 57. Kd4 Kc7 58.
Ke5 Rh2 59. Ra4 Kb6 60. Ke6 Rh6+ 61. Kf5 Rh5+ 62. Kf6 Rh6+ 63. Ke5 Rh5+ 64. Kd4 Rh2 65. Ra3 Kb5 66. Ke5 Kc5 67. Ra8 Rh5+ 68. Kf4 Rh4+ 69.
Kf5 Rh5+ 70. Kg4 Rh2 71. Kg3 Rd2 72. Kf3 Kd4 73. Ra4+ Ke5 74. Ke3 Rh2 75. Kd3 Rh3+ 76. Kc2 Rh2+ 77. Kb3 Rd2 78. Rxa2 Rd3+ 79. Kc2 Kxe4 80.
Ra4+ Ke3 81. Ra5 Rd4 82. Kc3 Ke4 83. Ra8 Rxd5 84. Re8+ Re5 85. Rxe5+ Kxe5 1/2-1/2

[Event "*** Titled Tuesday Blitz"]
[Site "Chess.com"]
[Date "2020.05.19"]
[Round "3"]
[White "BulletMercenary"]
[Black "elisak43"]
[Result "1-0"]
[WhiteElo "2108"]
[BlackElo "2453"]
[TimeControl "180+1"]
[EndTime "12:30:50 PDT"]
[Termination "BulletMercenary won on time"]

1. e4 Nf6 2. e5 Nd5 3. d4 d6 4. exd6 cxd6 5. Nf3 Nb6 6. h3 g6 7. Bd3 Bg7 8. c4 O-O 9. Nc3 Nc6 10. Be3 e5 11. d5 Ne7 12. Qb3 f5 13. Bxb6 axb6 14. Nd2 e4 15. Be2 g5 16. h4 Ng6 17. hxg5 Qxg5 18.
g3 e3 19. Nf3 exf2+ 20. Kxf2 Qf6 21. Qxb6 Ne5 22. Nxe5 Qxe5 23. Qe3 Qf6 24. Qf4 Bd7 25. Qh4 Qg6 26. Bh5 Qf6 27. Qxf6 Bxf6 28. Rhc1 Bd4+ 29. Kf3 Rae8 30. Bxe8 Bxe8 31. Rh1 Bg6 32.
Rad1 Be5 33. Nb5 h5 34. Rh4 Rc8 35. b3 Kf7 36. Rdh1 Ra8 37. a4 Kg7 38. Rxh5 Bxh5+ 39. Rxh5 Kg6 40. Rh4 Rf8 41. Nc7 Rc8 42. Ne6 Ra8 43. Rh1 Rc8 44. Rc1 Kf6 45. Rh1 Kg6 46. Rd1 Ra8 47. c5 dxc5 48. Nxc5 Rc8 49. b4 b6 50. Nd7 Rc3+ 51. Ke2 Bxg3 52. Nxb6 f4 53. d6 f3+ 54. Kd2 Rc6 55. Rg1 Rxd6+ 56. Ke3 Rxb6 57.
Rxg3+ Kf5 58. Rxf3+ Ke5 59. Rf4 Kd5 60. Kd3 Rh6 61. Rf5+ Kd6 62. Kd4 Rh4+ 63. Kc3 Kc6 64. Rc5+ Kb6 65. Rc4 Rh3+ 66. Kd4 Rh4+ 67. Kc3 Rh3+ 68.
Kb2 Rh2+ 69. Kb3 Rh1 70. Rc3 Rb1+ 71. Kc4 Rh1 72. a5+ Ka6 73. Kb3 Rh5 74. Ka4 Rf5 75. Rc6+ Kb7 76. b5 Rf4+ 77. Kb3 Rf3+ 78. Kb4 Rf4+ 79.
Rc4 Rf5 80. a6+ Ka7 81. Ka5 Rf7 82. b6+ Ka8 83. Rc5 Kb8 84. Rg5 Rf8 85. Kb5 Rh8 86.
Rg6 Rf8 87. Kc6 Rc8+ 88. Kd7 Rh8 89. Re6 Rh7+ 90. Re7 Rxe7+ 91. Kxe7 1-0

[Event "*** Titled Tuesday Blitz"]
[Site "Chess.com"]
[Date "2020.05.19"]
[Round "3"]
[White "IljaJoke"]
[Black "okriak"]
[Result "1/2-1/2"]
[WhiteElo "2536"]
[BlackElo "2773"]
[TimeControl "180+1"]
[EndTime "12:30:55 PDT"]
[Termination "Game drawn - insufficient material"]

1. d4 d5 2. c4 e6 3. Nf3 c6 4. e3 Nf6 5. b3 Bb4+ 6. Nbd2 c5 7. cxd5 Nxd5 8. Bb5+ Bd7 9. Bxd7+ Nxd7 10. Bb2 O-O 11.
O-O Rc8 12. Ne4 N5f6 13. Nxf6+ Nxf6 14. a3 Ba5 15. dxc5 Qe7 16. b4 Bc7 17. Be5 b6 18.
Bxc7 Rxc7 19. cxb6 axb6 20. Rc1 Ra8 21. Rxc7 Qxc7 22. Qb3 b5 23. Nd4 Qb7 24. Qd3 Qa6 25. Ra1 Rb8 26. a4 Nd5 27. Nxb5 Nxb4 28. Qc4 Nd5 29. h3 h5 30. e4 Nf6 31. e5 Nd5 32. Nd6 Qa5 33. Rc1 g6 34. Ne4 Kg7 35. Nf6 Rb4 36.
Qc8 Nxf6 37. exf6+ Kxf6 38. Qh8+ Kg5 39. Qc3 Rxa4 40. Qe3+ Kf6 41. g3 Kg7 42. Kh2 Qd5 43. h4 Re4 44. Qc3+ Qd4 45. Qxd4+ Rxd4 46. Kg2 Kf6 47. Rc3 Rd5 48. Rf3+ Rf5 49. Ra3 Rb5 50. Ra7 e5 51. Ra6+ Kf5 52. Ra4 f6 53. Kf3 Rb3+ 54.
Kg2 Rd3 55. Rb4 e4 56. Rb5+ Ke6 57. Rb6+ Ke5 58. Rb5+ Rd5 59. Rb3 g5 60. hxg5 fxg5 61. Rb8 Kf5 62. Rf8+ Kg4 63. Re8 Rd4 64. Re5 Ra4 65.
Re8 Rb4 66. Re7 Rd4 67. Re8 h4 68. gxh4 Kxh4 69. Rh8+ Kg4 70. Re8 Kf4 71. Rf8+ Ke5 72. Re8+ Kf5 73. Rf8+ Kg6 74. Rg8+ Kf6 75. Re8 Kf7 76. Re5 Kf6 77. Re8 Ra4 78. Rf8+ Kg6 79. Re8 Kf5 80. Rf8+ Ke5 81. Re8+ Kd4 82. Rg8 Ra5 83.
Rd8+ Rd5 84. Re8 Kd3 85. Kg3 Rf5 86. Rd8+ Ke2 87. Re8 Rf4 88. Re5 Rf3+ 89. Kg4 Kd3 90. Rf5 Ke2 91. Re5 Rf4+ 92. Kg3 Kf1 93. Rxg5 Rxf2 94.
Re5 Rf3+ 95. Kg4 Re3 96. Kf4 Kf2 97. Rxe4 Rxe4+ 98. Kxe4 1/2-1/2

[Event "*** Titled Tuesday Blitz"]
[Site "Chess.com"]
[Date "2020.05.19"]
[Round "3"]
[White "Guenplen"]
[Black "LionTheLeon_06"]
[Result "0-1"]
[WhiteElo "2982"]
[BlackElo "2678"]
[TimeControl "180+1"]
[EndTime "12:30:58 PDT"]
[Termination "LionTheLeon_06 won by resignation"]

1. d4 Nf6 2. Bf4 b6 3. e3 Bb7 4. Nf3 e6 5. c4 Bb4+ 6. Nfd2 O-O 7. a3 Be7 8. Nc3 d5 9. cxd5 Nxd5 10. Nxd5 Bxd5 11.
Qc2 c5 12. dxc5 Bxc5 13. Bd3 h6 14. O-O Nd7 15. Rac1 Nf6 16. Rfd1 Bd6 17. Bxd6 Qxd6 18. h3 Rfd8 19. Ba6 Qe5 20. Be2 Bb7 21. Bf3 Rac8 22. Nc4 Qb8 23. Rxd8+ Rxd8 24. Bxb7 Qxb7 25. Ne5 Qd5 26. Qc7 Rf8 27. Nc6 Qd2 28. Rf1 Qxb2 29. Qxa7 Nd5 30. Ne7+ Nxe7 31. Qxe7 Rc8 32. Rd1 Qf6 33.
Qxf6 gxf6 34. Rd3 Rc1+ 35. Kh2 Rc2 36. Kg3 Kg7 37. Rb3 Ra2 38. Kf3 f5 39. g4 Kf6 40. Kg3 Kg5 41. f4+ Kf6 42. Kf3 Rh2 43. Kg3 Ra2 44. h4 fxg4 45. Kxg4 Kg6 46. h5+ Kf6 47. e4 Rg2+ 48. Kf3 Rh2 49. Kg4 Rg2+ 50. Kh3 Ra2 51. Kg3 Ra1 52. Kf3 Rh1 53. e5+ Ke7 54. Rxb6 Rh3+ 55. Ke4 Rxa3 56. Rb7+ Kf8 57. Rb8+ Kg7 58.
Rb4 Rh3 59. Rb1 Rxh5 60. Rg1+ Kf8 61. Ra1 Rh2 62. Ra8+ Kg7 63. Ra7 Rg2 64. Kf3 Rg6 65.
Ra2 h5 66. Rh2 Kh6 67. Rh1 Rg7 68. f5 exf5 69. Kf4 Rg2 70. Kxf5 Rf2+ 71. Ke4 Kg5 72.
Rg1+ Kh6 73. Rg8 h4 74. Ke3 Rf1 75. Ke2 Rf5 76. Ke3 Kh5 77. Ke4 Rf1 78. Ke3 h3 79. Ke2 Rf5 80. Ke3 Kh4 81. Ke4 Rf1 82. Ke3 h2 83. Ke2 h1=Q 0-1

[Event "*** Titled Tuesday Blitz"]
[Site "Chess.com"]
[Date "2020.05.19"]
[Round "3"]
[White "Prostochendir"]
[Black "DanielTitichoca"]
[Result "1/2-1/2"]
[WhiteElo "2176"]
[BlackElo "2337"]
[TimeControl "180+1"]
[EndTime "12:31:01 PDT"]
[Termination "Game drawn by stalemate"]

1. b3 d5 2. Bb2 Nf6 3. f4 g6 4. e3 Bg7 5. Nf3 O-O 6. Be2 c5 7.
O-O Nc6 8. a4 b6 9. Qc1 Bb7 10.
Ne5 Rc8 11. Na3 a6 12. Nxc6 Rxc6 13. Be5 e6 14. Qb2 Ne8 15. Bxg7 Nxg7 16. b4 Nf5 17. b5 axb5 18. Nxb5 Rc8 19. Bf3 Qd7 20. c3 Bc6 21. g3 Bxb5 22. axb5 Nd6 23. Be2 c4 24.
Ra6 Qxb5 25. Rxb6 Qxb2 26. Rxb2 Rb8 27. Rfb1 Rxb2 28. Rxb2 Ra8 29. Bf3 h5 30. h3 Ra1+ 31. Kg2 Kg7 32. g4 hxg4 33. hxg4 Ra5 34. Kf2 Nb5 35.
Ke2 Nc7 36. Rb7 Na6 37. Ra7 Ra4 38. f5 Nc5 39. Rc7 Nd3 40. fxe6 Ra1 41. Rxf7+ Kh6 42. Bxd5 Re1+ 43. Kf3 Ne5+ 44. Ke4 Nxf7 45. exf7 Kg7 46. Bxc4 Rg1 47. Kf3 Rd1 48. Ke2 Rg1 49. Be6 Ra1 50. c4 Kf8 51. c5 Ke7 52. Bd5 Ra5 53. d4 Ra3 54. Kf3 Ra1 55. Kf4 Re1 56. Be4 Rf1+ 57. Kg5 Kxf7 58. Bxg6+ Ke6 59. e4 Rd1 60. Bf5+ Ke7 61. d5 Rc1 62. d6+ Kd8 63. e5 Rxc5 64.
e6 Rd5 65. e7+ Ke8 66. Kf6 Rxd6+ 67. Be6 Ra6 68. g5 Rxe6+ 69. Kxe6 1/2-1/2

[Event "*** Titled Tuesday Blitz"]
[Site "Chess.com"]
[Date "2020.05.19"]
[Round "3"]
[White "14Sokol88"]
[Black "yarosavich"]
[Result "0-1"]
[WhiteElo "2419"]
[BlackElo "2689"]
[TimeControl "180+1"]
[EndTime "12:31:08 PDT"]
[Termination "yarosavich won on time"]

1. e4 e5 2. Nf3 Nc6 3. Nc3 Nf6 4. d4 exd4 5. Nxd4 Bb4 6. Nxc6 bxc6 7. Bd3 O-O 8. O-O d5 9. exd5 cxd5 10. Bg5 c6 11.
Qf3 Be7 12. h3 Rb8 13. b3 Be6 14. Ne2 h6 15. Bh4 Re8 16. Nd4 Qd7 17. Nf5 Bxf5 18.
Bxf5 Qc7 19. Rfe1 Ne4 20. Bxe4 Bxh4 21. Bd3 g6 22. c4 Re5 23. g3 Be7 24. cxd5 cxd5 25.
Rac1 Rxe1+ 26. Rxe1 Bb4 27. Rd1 Rd8 28. Kg2 d4 29. Bc4 Kg7 30. Qe4 Bc3 31. Rd3 Qd6 32.
Rf3 Rd7 33. Qe8 Qc7 34. Qe4 Re7 35. Qd3 Rd7 36. h4 h5 37. Qe4 Re7 38. Qd5 Rd7 39.
Qe4 Re7 40. Qd5 Qd7 41. Qxd7 Rxd7 42. Rd3 Bb4 43. Rd1 a5 44. Kf3 Bc5 45. Ke4 Kf6 46.
Kd3 Bb4 47. Rc1 Bc3 48. Rc2 Re7 49. Re2 Rc7 50. Re4 Ra7 51. Rf4+ Kg7 52. a3 f5 53. a4 Kf6 54. Rf3 Re7 55. Kc2 Re1 56. Rd3 Ra1 57. Rd1 Ra2+ 58. Kd3 Rxf2 59. Bb5 Ke5 60. Kc4 Ke4 61.
Bc6+ Ke3 62. Kb5 d3 63. Kc4 Bb4 64. Rxd3+ Ke2 65. Rd4 Kf1 66. Rd5 Rc2+ 67. Kb5 Rc3 68. Kb6 Rxb3 69. Rd1+ Ke2 70. Rc1 Rxg3 71. Rc2+ Kd3 72.
Ra2 Kd4 73. Bb5 f4 74. Rc2 Ke5 75. Re2+ Kf5 76. Bd7+ Kf6 77. Re6+ Kf7 78. Re4 f3 79. Rf4+ Ke7 80. Bc6 Bd2 81. Rxf3 Rg4 82. Bb5 Rxh4 83. Rd3 Bb4 84. Re3+ Kf6 85. Rf3+ Kg7 86. Bd3 Rd4 87. Rg3 Rd6+ 88. Kb5 Rf6 89. Kc4 Kh6 90. Kd5 g5 0-1

[Event "*** Titled Tuesday Blitz"]
[Site "Chess.com"]
[Date "2020.05.19"]
[Round "3"]
[White "GameOverBro"]
[Black "DACF2905"]
[Result "0-1"]
[WhiteElo "2522"]
[BlackElo "2335"]
[TimeControl "180+1"]
[EndTime "12:31:09 PDT"]
[Termination "DACF2905 won by checkmate"]

1. e4 c5 2. Ne2 e6 3. Nbc3 a6 4. d4 cxd4 5. Nxd4 Qc7 6. g3 Nf6 7. Bg2 Nc6 8. O-O Bc5 9. Be3 Be7 10. h3 O-O 11. Qd2 Ne5 12. b3 d6 13. f4 Nc6 14.
Nce2 Bd7 15. c4 Nxd4 16. Nxd4 e5 17. Nf5 Bxf5 18. exf5 Rad8 19. g4 d5 20. cxd5 exf4 21. Rxf4 Bd6 22. Rc4 Qe7 23. Re1 Rfe8 24. Bf2 Qd7 25.
Rcc1 Qb5 26. Bf1 Qxd5 27. Rxe8+ Rxe8 28. Qxd5 Nxd5 29. Rd1 Rd8 30. Bh4 Nf6 31. Rd3 Bc5+ 32. Kg2 Rxd3 33. Bxd3 Nd5 34. Be4 Nc3 35. Bxb7 a5 36. Bd8 Bb4 37. a3 Bxa3 38. Bxa5 Nd1 39.
Kf3 Bc5 40. b4 Bd4 41. b5 Nc3 42. b6 Na4 43. Bc6 Nxb6 44. Ke4 Bf2 45. Bb4 h6 46. Bd6 Nc4 47. Bc7 Bb6 48. Bb8 Bd8 49. Bd5 Nb6 50. Bb3 Bf6 51. Bd6 Nd7 52. Kf4 Nb6 53. Bc5 Nd7 54. Bd6 Nb6 55. Bc7 Nd7 56.
Kg3 Nc5 57. Bc4 Ne4+ 58. Kf4 Nd2 59. Bd5 Nb1 60. Ba5 Nc3 61. Bc6 g5+ 62. fxg6 fxg6 63. Bc7 Kg7 64. Bd6 Ne2+ 65. Ke3 Nd4 66. Bd7 Nb3 67.
Bb4 Nd4 68. Ke4 Ne2 69. Be1 h5 70. gxh5 gxh5 71. Bb5 Nc3+ 72. Kf5 Nxb5 73. Bf2 Nd6+ 74. Kf4 Nf7 75. h4 Be5+ 76. Kf3 Kg6 77. Be3 Bf6 78.
Bf2 Be7 79. Kf4 Nd6 80. Kf3 Nf5 81. Kf4 Bxh4 82. Bc5 Bg3+ 83. Kf3 Kg5 84. Kg2 Kg4 85. Bg1 h4 86. Kh1 h3 87. Be3 Nxe3 88. Kg1 Nf5 89. Kh1 Nh4 90. Kg1 Nf3+ 91. Kh1 Ne5 92. Kg1 Kf3 93. Kh1 Kf4 94. Kg1 Nf7 95. Kh1 Ng5 96.
Kg1 Ne4 97. Kh1 Nf2+ 98. Kg1 h2+ 99. Kf1 h1=Q+ 100. Ke2 Qe4+ 101. Kf1 Qd3+ 102. Kg2 Qf3+ 103. Kg1 Qd1+ 104. Kg2 Qh1# 0-1